 Dungeon Crawl Stone Soup version 0.31-a0-983-g7b6862f502 (webtiles) character file.

Game seed: 5359404631399716085

316 Maratek the Covered (level 6, -10/53 HPs)
             Began as a Minotaur Fighter on Nov 2, 2023.
             Mangled by an ogre
             ... wielding a +0 giant club
              (29 damage)
             ... on level 4 of the Dungeon.
             The game lasted 00:02:18 (1839 turns).

Maratek the Covered (Minotaur Fighter)              Turns: 1839, Time: 00:02:19

Health: -10/53     AC:  9    Str: 22    XL:     6   Next: 20%
Magic:  5/5        EV:  9    Int: 10    God:
Gold:   129        SH:  4    Dex: 10    Spells: 5/5 levels left

rFire   . . .        a - +0 trident
rCold   . . .        c - +0 buckler
rNeg    . . .        b - +1 scale mail
rPois   +            (helmet restricted)
rElec   .            (no cloak)
rCorr   .            (no gloves)
SInv    +            h - +0 pair of boots "Riacesk" {Drain rPois Int+5 SInv}
Will    .....        (no amulet) Stlth
                     (no ring)
HPRegen 0.28/turn    (no ring)
MPRegen 0.09/turn

%: no passive effects
@: no status effects
A: horns 2, retaliatory headbutt
a: no special abilities


You were on level 4 of the Dungeon.
You visited 1 branch of the dungeon, and saw 4 of its levels.

You collected 129 gold pieces.

Inventory:

Hand Weapons
 a - a +0 trident (weapon)
Missiles
 l - 2 throwing nets
Armour
 b - a +1 scale mail (worn)
 c - a +0 buckler (worn)
 h - the +0 pair of boots "Riacesk" (worn) {Drain rPois Int+5 SInv}
   (You acquired it on level 3 of the Dungeon)

   Int+5:     It affects your intelligence (+5).
   rPois:     It protects you from poison SInv: It lets you see invisible.
   Drain:     It drains your maximum health when unequipped.
Jewellery
 f - a ring of poison resistance
Wands
 n - a wand of polymorph (8)
Scrolls
 k - a scroll of teleportation {unknown}
Potions
 d - a potion of might
 e - 2 potions of curing {unknown}
 g - 2 potions of mutation {unknown}
 i - a potion of ambrosia {unknown}
 j - a potion of attraction {unknown}


   Skills:
 + Level 4.7 Fighting
 + Level 5.0 Polearms
 + Level 5.7 Armour
 + Level 0.5 Dodging
 + Level 0.3 Stealth
 + Level 4.5 Shields


You had 5 spell levels left.
You didn't know any spells.
Your spell library contained the following spells:

 Spells                   Type           Power      Damage    Failure   Level
 Shock                    Conj/Air       0%         1d3       75%         1
 Blink                    Tloc           0%         N/A       86%         2
 Lesser Beckoning         Tloc           0%         N/A       86%         2
 Momentum Strike          Conj/Tloc      0%         3d8       86%         2
 Swiftness                Air            0%         N/A       98%         3
 Airstrike                Air            0%         2d(0-16)  100%        4


Dungeon Overview and Level Annotations

Branches:
Dungeon (4/15)
 Temple: D:4-7

Altars:
Gozag
Qazlal

Shops:
D:3 [


Innate Abilities, Weirdness & Mutations

You have a pair of horns on your head.
You reflexively headbutt those who attack you in melee.


Message History

There are monsters nearby!
You reach to attack!
You hit the ogre.
The ogre is lightly wounded.
A hobgoblin comes into view.
You barely miss the ogre. Your headbutt misses the ogre.
The ogre is lightly wounded.
The ogre hits you with a +0 giant club!
You barely miss the ogre.
The ogre is lightly wounded.
The ogre hits you with a +0 giant club!!
You are too injured to fight recklessly!
You are too injured to fight recklessly!
You are too injured to fight recklessly!
You are too injured to fight recklessly!
You are too injured to fight recklessly!
You are too injured to fight recklessly!
You are too injured to fight recklessly!
You are too injured to fight recklessly!
You are too injured to fight recklessly!
You are too injured to fight recklessly!
You are too injured to fight recklessly!
You are too injured to fight recklessly!
You are too injured to fight recklessly!
You are too injured to fight recklessly!
You are too injured to fight recklessly!
You are too injured to fight recklessly!
You are too injured to fight recklessly!
You are too injured to fight recklessly!
You are too injured to fight recklessly!
Unknown command.
You hit the ogre but do no damage.
The ogre is lightly wounded.
You completely miss the ogre. You headbutt the ogre.
The ogre is lightly wounded.
The ogre barely misses you.
You barely miss the ogre.
The ogre is lightly wounded.
The ogre hits you with a +0 giant club!!
Ouch! That really hurt!
You die... ##'###'## .......# ......# .....# ....# .... gO.

§≈≈≈. #O# §$§≈. #@#
#.≈.≈≈≈≈≈§≈.##.#
#.≈.....≈.≈..#)#
###.≈.≈._.≈.≈..#.#
...≈.≈...≈.≈....######
###.≈.≈≈§≈≈.≈.#.......#
....≈§......≈.#.......#
....≈§≈≈≈≈≈≈≈.#.......#
..............#.......#


You could see 2 ogres and a hobgoblin.

Vanquished Creatures
  2 phantoms (D:4)
  A hound (D:4)
  A jelly (D:4)
  An orc wizard (D:3)
  An adder (D:2)
  3 worms
  A dart slug (D:2)
  5 orcs
  4 endoplasms (D:3)
  3 goblins
  3 hobgoblins (D:3)
  9 jackals
  9 kobolds
  3 quokkas (D:3)
  10 ball pythons
  5 bats
  3 rats (D:3)
64 creatures vanquished.

Notes
Turn   | Place    | Note
-------+----------+-------------------------------------------
     0 | D:1      | Maratek the Minotaur Fighter began the quest for the Orb.
     0 | D:1      | Reached XP level 1. HP: 19/19 MP: 0/0
    41 | D:1      | You fall into a shaft and drop 1 floor!
   167 | D:2      | Reached XP level 2. HP: 27/27 MP: 1/1
   379 | D:2      | Reached XP level 3. HP: 33/33 MP: 2/2
   914 | D:3      | Reached XP level 4. HP: 26/40 MP: 3/3
   998 | D:3      | Found Wagahos's Antique Armour Shoppe.
  1417 | D:3      | Identified a scroll of acquirement
  1418 | D:3      | Acquired the +0 pair of boots "Riacesk" {Drain rPois Int+5
                  | SInv}
  1463 | D:4      | Noticed a phantom
  1468 | D:4      | Reached skill level 5 in Armour
  1476 | D:4      | Reached XP level 5. HP: 32/47 MP: 4/4
  1477 | D:4      | Killed a phantom
  1630 | D:4      | Found a stormy altar of Qazlal.
  1741 | D:4      | Noticed a phantom
  1751 | D:4      | Killed a phantom
  1752 | D:4      | Reached XP level 6. HP: 45/53 MP: 5/5
  1757 | D:4      | Reached skill level 5 in Polearms
  1806 | D:4      | Found an opulent altar of Gozag.
  1839 | D:4      | Mangled by an ogre

Illustrated notes

Levels and vault maps discovered:
D:1:      dpeg_arrival_round_b, layout_basic
D:2:      layout_basic, basic_altar
D:3:      layout_basic, serial_shops, nicolae_shop_statue_plus,
          minmay_joined_circles
D:4:      layout_basic, nicolae_qazlal_general_emergency,
          mainiacjoe_overflow_concentric_impassable, grunt_ministairs_12

Skill      XL: |  1  2  3  4  5  6 |
---------------+-------------------+-----
Shields        | 4 |  4.5
Armour         | 4 5 |  5.7
Fighting       | 4 |  4.7
Polearms       | 3 4 5 |  5.0
Dodging        | |  0.5
Stealth        | |  0.3

Action                     |  1- 3 |  4- 6 || total
---------------------------+-------+-------++-------
  Melee: Trident           |    74 |   103 ||   177
         Headbutt          |     9 |    15 ||    24
    Use: Scroll            |       |     5 ||     5
 Armour: Scale mail        |    36 |    50 ||    86
  Dodge: Dodged            |    22 |    27 ||    49
  Block: Buckler           |    12 |    18 ||    30

Table legend: (Time is in decaauts)
 A = Elapsed time spent in this place.
 B = Non-inter-level travel time spent in this place.
 C = Inter-level travel time spent in this place.
 D = Time resting spent in this place.
 E = Time spent auto-exploring this place.
 F = Levels seen in this place.
 G = Mean time per level.
                   A        B        C        D        E       F      G
               +--------+--------+--------+--------+--------+-----+--------+
         Total |   1867 |   1831 |     36 |      0 |   1475 |   4 |  466.8 |
       Dungeon |   1867 |   1831 |     36 |      0 |   1475 |   4 |  466.8 |
               +--------+--------+--------+--------+--------+-----+--------+

Top non-repeatable levels by time:
     D:3: 774 daAuts
     D:2: 650 daAuts
     D:4: 400 daAuts
     D:1: 42 daAuts
